 Dungeon Crawl Stone Soup version 0.30-a0-726-gd89dcf765f (webtiles) character file.

Game seed: 836746891738844596

83 Shayle the Sneak (level 4, -1/28 HPs)
             Began as a Tengu Brigand on Jan 30, 2023.
             Slain by Terence
             ... wielding a +2 morningstar of protection
              (10 damage)
             ... on level 2 of the Dungeon.
             The game lasted 00:04:19 (1284 turns).

Shayle the Sneak (Tengu Brigand)                    Turns: 1284, Time: 00:04:19

Health: -1/28      AC:  6    Str: 11    XL:     4   Next: 44%
Magic:  5/5        EV:  9    Int: 13    God:
Gold:   135        SH:  7    Dex: 16    Spells: 3/3 levels left

rFire   . . .      SeeInvis .    a - +2 dagger
rCold   . . .      Faith    .    k - +0 kite shield {rPois}
rNeg    . . .      Spirit   .    i - +0 ring mail
rPois   +          Reflect  .    (helmet restricted)
rElec   .          Harm     .    c - +0 cloak
rCorr   .          Rampage  .    (no gloves)
Will    .....                    (boots unavailable)
Stlth   ++                       (no amulet)
HPRegen 0.24/turn                (no ring)
MPRegen 0.09/turn                (no ring)

@: no status effects
A: beak, talons 3
a: no special abilities


You were on level 2 of the Dungeon.
You visited 1 branch of the dungeon, and saw 2 of its levels.

You collected 135 gold pieces.

Inventory:

Hand Weapons
 a - a +2 dagger (weapon)
 l - the +7 rapier "Doluxaoh" {antimagic, rF+ rN+}
   (You took it off an orc on level 2 of the Dungeon)

   rF:        It protects you from fire.
   rN:        It protects you from negative energy.
Missiles
 d - 9 poisoned darts
 e - 2 curare-tipped darts (quivered)
Armour
 b - a +0 robe
 c - a +0 cloak (worn)
 i - a +0 ring mail (worn)
 k - a +0 kite shield of poison resistance (worn)
Scrolls
 g - a scroll of teleportation
Potions
 f - a potion of curing {unknown}
 h - a potion of lignification {unknown}
 j - a potion of heal wounds {unknown}


   Skills:
 + Level 3.0 Fighting
 - Level 2.1 Short Blades
 - Level 2.0 Throwing
 + Level 2.6 Dodging
 + Level 4.7 Stealth
 + Level 0.4 Shields


You had 3 spell levels left.
You didn't know any spells.
Your spell library contained the following spells:

 Spells                   Type           Power      Damage    Failure   Level
 Freeze                   Ice            0%         1d3       95%         1
 Dazzling Flash           Conj/Hex       0%         N/A       100%        3
 Frozen Ramparts          Ice            0%         1d1       100%        3
 Hailstorm                Conj/Ice       0%         3d3       100%        3
 Agony                    Necr           0%         N/A       100%        5
 Silence                  Hex/Air        0%         N/A       100%        5


Dungeon Overview and Level Annotations

Branches:
Dungeon (2/15)

Altars:

Annotations:
D:2 Terence


Innate Abilities, Weirdness & Mutations

You have a beak for a mouth.
You have claws for feet.


Message History

The goblin attacks as you move away! The goblin hits you with a +0 club.
There is an open door here.
You open the door. The goblin hits you but does no damage.
There is an open door here.
The goblin attacks as you move away! The goblin barely misses you.
The goblin attacks as you move away! The goblin hits you with a +0 club.
There is an open door here.
You hit the goblin. Your kick misses the goblin.
The goblin is severely wounded.
You block the goblin's attack.
You miss the goblin. Your kick misses the goblin.
The goblin is severely wounded.
You block the goblin's attack.
You hit the goblin.
You kill the goblin!
You aren't carrying any items that you can evoke.
Unknown command.
You aren't carrying any items that you can evoke.
Unknown command.
You aren't carrying any items that you can evoke.
Throw: 3 darts (curare)
Press: ? - help, Q - select action, (/) - cycle Shift-Dir - straight line, f - Terence
Aim: Terence, wielding a +2 morningstar of protection and wearing a +0 chain mail (69% to hit)
You throw a curare-tipped dart. The curare-tipped dart hits Terence.
Terence is poisoned.
Terence convulses.
Terence seems to slow down.
Terence is moderately wounded.
Terence hits you with a +2 morningstar of protection!
You hit Terence but do no damage.
Terence is moderately wounded.
You block Terence's attack.
You barely miss Terence. Your peck misses Terence.
Terence is heavily wounded.
You hit Terence.
Terence is severely wounded.
Terence hits you with a +2 morningstar of protection!
You hit Terence but do no damage.
Terence is severely wounded.
Terence hits you with a +2 morningstar of protection!
You die...

#..###.......#
##### #....[.
#....########
#.<.... ####..#####
#...... #.....).#
####... #.......##
#... #........#
###### ####
#........# #....#
#........#####.†..#
#........@@r.#....#
#.......####.'....#
######### ###....#
#....####
###'#...##
#.'....##
###.....##
#####..## ##..#


You could see Terence (poisoned, slow) and a rat.

Vanquished Creatures
  A gnoll (D:1)
  2 adders (D:2)
  A worm (D:2)
  3 orcs (D:2)
  5 endoplasms
  7 giant cockroaches (D:1)
  5 goblins
  6 hobgoblins (D:1)
  A quokka (D:2)
  2 ball pythons
  A bat (D:1)
  4 frilled lizards
  2 kobolds
  7 rats
47 creatures vanquished.

Notes
Turn   | Place    | Note
-------+----------+-------------------------------------------
     0 | D:1      | Shayle the Tengu Brigand began the quest for the Orb.
     0 | D:1      | Reached XP level 1. HP: 12/12 MP: 2/2
    81 | D:1      | Reached XP level 2. HP: 16/17 MP: 3/3
   321 | D:1      | Reached XP level 3. HP: 20/22 MP: 4/4
   956 | D:2      | Reached XP level 4. HP: 27/27 MP: 5/5
  1040 | D:2      | Identified the +7 rapier "Doluxaoh" {antimagic, rF+ rN+}
  1255 | D:2      | Noticed Terence
  1284 | D:2      | Slain by Terence

Illustrated notes

Levels and vault maps discovered:
D:1:      dpeg_arrival_morbid_curiosity, layout_rooms, minmay_worlds_worst_comb
D:2:      layout_basic, uniq_terence

Skill      XL: |  1  2  3  4 |
---------------+-------------+-----
Dodging        | 2 |  2.6
Fighting       | 3 |  3.0
Short Blades   | |  2.1
Throwing       | |  2.0
Stealth        | |  4.7
Shields        | |  0.4

Action                     |  1- 3 |  4- 6 || total
---------------------------+-------+-------++-------
  Melee: Dagger            |    83 |    27 ||   110
         Kick              |    24 |     6 ||    30
         Peck              |    11 |     7 ||    18
  Throw: Dart              |       |     1 ||     1
    Use: Scroll            |     1 |       ||     1
   Stab: Sleeping          |     6 |       ||     6
 Armour: Robe              |    12 |       ||    12
         Ring mail         |     9 |     7 ||    16
  Dodge: Dodged            |    35 |    11 ||    46
  Block: Kite shield       |       |     5 ||     5

Table legend: (Time is in decaauts)
 A = Elapsed time spent in this place.
 B = Non-inter-level travel time spent in this place.
 C = Inter-level travel time spent in this place.
 D = Time resting spent in this place.
 E = Time spent auto-exploring this place.
 F = Levels seen in this place.
 G = Mean time per level.
                   A        B        C        D        E       F      G
               +--------+--------+--------+--------+--------+-----+--------+
         Total |   1277 |   1143 |    134 |    183 |    570 |   2 |  638.5 |
       Dungeon |   1277 |   1143 |    134 |    183 |    570 |   2 |  638.5 |
               +--------+--------+--------+--------+--------+-----+--------+

Top non-repeatable levels by time:
     D:1: 873 daAuts
     D:2: 403 daAuts
